 Dungeon Crawl Stone Soup version 0.18.1-48-g4cf74bf (console) character file.

28540 Kloppie the Blocker (level 13, -1/116 HPs)
             Began as a Hill Orc Fighter on July 26, 2016.
             Was an Elder of Yredelemnul.
             Slain by Snorg (12 damage)
             ... on level 4 of the Lair of Beasts.
             The game lasted 00:32:38 (20076 turns).

Kloppie the Blocker (Hill Orc Fighter)             Turns: 20076, Time: 00:32:39

Health: -1/116     AC: 27    Str: 20    XL:     13   Next: 39%
Magic:  13/13      EV:  9    Int:  8    God:    Yredelemnul [****..]
Gold:   940        SH: 14    Dex: 20    Spells: 0 memorised, 12 levels left

rFire  . . .     SeeInvis .     a - +1 flail (protect)
rCold  + . .     Gourm    .     b - +1 scale mail of Esanoam {-Cast +Inv rPois Dex+6}
rNeg   . . .     Faith    .     c - +0 shield
rPois  +         Spirit   .     x - +1 helmet
rElec  .         Dismiss  .     t - +0 cloak
rCorr  .         Reflect  .     (no gloves)
SustAt .         Harm     .     B - +0 pair of boots
MR     .....     NoCast   +     (no amulet)
Stlth  +.........               N - +4 ring of protection
                                H - ring of protection from cold

@: not resistant to hostile enchantments, very unstealthy
A: iridescent scales 1
a: Recall Undead Slaves, Injury Mirror, Animate Dead, Drain Life, Renounce
Religion, Evoke Invisibility


You were on level 4 of the Lair of Beasts.
You worshipped Yredelemnul.
Yredelemnul was greatly pleased with you.
You were hungry.

You visited 2 branches of the dungeon, and saw 16 of its levels.

You collected 940 gold pieces.

Inventory:

Hand Weapons
 a - a +1 flail of protection (weapon)
 d - a +1 morningstar
 w - a +0 flail of flaming
Armour
 b - the +1 scale mail of Esanoam (worn) {-Cast +Inv rPois Dex+6}
   (You found it on level 6 of the Dungeon)

   It affects your dexterity (+6).
   It protects you from poison.
   It lets you turn invisible.
   It prevents spellcasting.
 c - a +0 shield (worn)
 t - a +0 cloak (worn)
 x - a +1 helmet (worn)
 B - a +0 pair of boots (worn)
 E - a +0 ring mail of cold resistance
Jewellery
 g - an uncursed ring of ice
 i - an uncursed ring of stealth
 H - a ring of protection from cold (left hand)
 N - a +4 ring of protection (right hand)
Wands
 m - a wand of flame (20/48)
 r - a wand of slowing (13/48)
 u - a wand of lightning (6/15)
 C - a wand of polymorph (24/24)
 M - a wand of slowing (27/48)
 T - a wand of digging (13/24)
 U - a wand of slowing (35/48)
Scrolls
 h - 2 scrolls of magic mapping
 k - 2 scrolls of blinking
 l - 2 scrolls of fog
 o - 4 scrolls of remove curse
 y - 4 scrolls of amnesia
 G - 5 scrolls of enchant armour
 I - 4 scrolls of recharging
 O - 2 scrolls of teleportation
Potions
 e - 10 potions of curing
 q - a potion of haste
 s - 2 potions of cure mutation
 v - 4 potions of flight
 z - a potion of ambrosia
 A - 2 potions of lignification
 K - 2 potions of magic
 Q - a potion of invisibility {unknown}
 S - a potion of brilliance {unknown}
Books
 D - a book of Battle

   Spells                             Type                      Level
   a - Infusion                       Charms                       1
   b - Shroud of Golubria             Charms/Translocation         2
   c - Song of Slaying                Charms                       2
   d - Spectral Weapon                Hexes/Charms                 3
   e - Regeneration                   Charms/Necromancy            3
 J - a book of Death

   Spells                             Type                      Level
   a - Corpse Rot                     Necromancy                   2
   b - Sublimation of Blood           Necromancy                   2
   c - Agony                          Necromancy                   5
   d - Dispel Undead                  Necromancy                   5
   e - Excruciating Wounds            Charms/Necromancy            5
   f - Bolt of Draining               Conjuration/Necromancy       5
 R - a book of Annihilations

   Spells                             Type                      Level
   a - Poison Arrow                   Conjuration/Poison           6
   b - Chain Lightning                Conjuration/Air              8
   c - Lehudib's Crystal Spear        Conjuration/Earth            8
   d - Glaciate                       Conjuration/Ice              9
   e - Fire Storm                     Conjuration/Fire             9
Comestibles
 f - 10 bread rations
 j - 2 slices of pizza
 n - 9 beef jerkies
 p - 4 meat rations
 F - a fruit


   Skills:
 - Level 11.1 Fighting
 - Level 14.2 Maces & Flails
 - Level 9.8 Armour
 + Level 14.4 Shields


You had 12 spell levels left.
You didn't know any spells.

Dungeon Overview and Level Annotations

Branches:
Dungeon (11/15)            Temple (0/1) D:7            Lair (5/8) D:11
  Swamp (0/4) Lair:4        Snake (0/4) Lair:3
    Orc: D:9-12

Altars:
Dithmenos
Nemelex Xobeh
Yredelemnul
Zin

Annotations:
Lair:4 Snorg


Innate Abilities, Weirdness & Mutations

You are partially covered in iridescent scales (AC +4).


Message History

Snorg is heavily wounded.
You block Snorg's attack. Snorg claws you but does no damage. x2
You block the hippogriff's attack.
The hippogriff pecks you but does no damage.
The hippogriff claws you but does no damage.
You sock Snorg!
Snorg is severely wounded.
Snorg misses you. Snorg claws you but does no damage. x2
You block the hippogriff's attack.
The hippogriff pecks you but does no damage.
You block the hippogriff's attack.
You closely miss Snorg.
Snorg is severely wounded.
You block Snorg's attack. Snorg claws you!
* * * LOW HITPOINT WARNING * * *
You block Snorg's attack. Snorg bites you but does no damage. Snorg claws you!
* * * LOW HITPOINT WARNING * * *
Snorg claws you!
You die...
Your body rises from the dead as a mindless zombie.

..z## #.................## ..#.#
#.................# ..###
####...............## ..#
##..#.<#..........♣♣♣ ..#
###......P.....♣♣♣♣♣♣♣♣♣♣♣♣
..#####............♣♣♣≈≈≈♣≈≈≈≈≈≈♣
..##P#..................♣...♣.♣..
.#............P#T.♣..w....MM....♣
....#.........##@H.♣♣♣≈≈≈≈≈≈≈≈†≈≈
#..##P.......###.#...♣♣♣♣♣♣♣♣♣♣♣♣
###.##.......##....#......♣ ♣♣♣♣♣
# ###.............#######.# ♣...#
##....≈≈≈≈≈≈≈.# ### ##...
#..≈≈≈≈≈≈≈≈..## ##..
#..≈≈≈≈≈≈≈≈≈..# #..
#..≈≈≈...≈≈≈..# ##..
#.≈≈≈≈≈<.≈≈≈≈## #...


You could see Snorg (berserk), a hippogriff and a swamp worm.

Vanquished Creatures
  3 hydras (Lair:3)
  4 death yaks (Lair:4)
  The ghost of tesudzi the Nimble, a novice OpAs of Ashenzari (D:8)
  Urug (Lair:3)
  A hill giant (D:11)
  Pikel (D:6)
  A griffon (Lair:2)
  A manticore (Lair:5)
  2 ugly things (D:11)
  A cyclops (D:11)
  Psyche (D:8)
  4 black mambas
  3 spiny frogs
  2 gargoyles
  2 komodo dragons
  2 trolls (D:10)
  Prince Ribbit (D:6)
  A two-headed ogre (D:10)
  Sigmund (D:6)
  A wyvern (D:10)
  28 yaks
  7 hippogriffs
  2 steam dragons
  A soldier ant (D:10)
  A naga (Lair:3)
  4 swamp worms (Lair:4)
  6 water moccasins
  2 hell hounds (D:11)
  5 porcupines
  A black bear (D:9)
  3 slaves (D:6)
  8 orc warriors
  A sky beast (D:11)
  2 wasps (D:10)
  A phantom (D:8)
  5 ice beasts
  A necrophage (D:10)
  5 wolves (Lair:3)
  5 ogres
  3 centaurs
  4 crocodiles
  Blork the orc (D:6)
  10 giant frogs
  A wyvern zombie (D:6)
  A water moccasin skeleton (D:11)
  5 scorpions
  8 killer bees (D:11)
  16 wights
  4 electric eels (Lair:4)
  6 howler monkeys
  12 crimson imps
  A giant frog zombie (D:10)
  3 jellies
  A wasp zombie (D:8)
  A centaur zombie (D:7)
  9 orc priests
  A giant frog skeleton (D:7)
  2 quasits
  11 hounds
  9 iguanas
  16 orc wizards
  8 worker ants
  3 sheep (Lair:2)
  A killer bee zombie (D:9)
  13 gnolls
  13 adders
  21 river rats
  3 shadow imps
  3 oozes
  2 adder skeletons
  5 worms
  A dart slug (D:1)
  4 giant geckos
  46 orcs
  7 bats
  5 giant cockroaches
  9 hobgoblins
  20 jackals
  12 kobolds
  5 quokkas
  2 ball pythons
  A giant cockroach zombie (D:5)
  A giant gecko skeleton (D:4)
  4 giant newts
  11 goblins
  A jackal skeleton (D:5)
  2 quokka skeletons
  13 rats
463 creatures vanquished.

Vanquished Creatures (collateral kills)
  A yak (Lair:5)
  A basilisk (Lair:3)
  A naga (Lair:3)
  A water moccasin (Lair:4)
  A porcupine (Lair:3)
  A wolf (Lair:3)
  3 crocodiles
  A giant frog (Lair:3)
  An electric eel (Lair:4)
  3 sheep (Lair:2)
  6 river rats
20 creatures vanquished.

Vanquished Creatures (others)
  A centaur (D:6)
  2 wights
  A hound (D:7)
  2 mummies
  4 fungi
  4 plants
14 creatures vanquished.

Grand Total: 497 creatures vanquished

Notes
Turn   | Place    | Note
--------------------------------------------------------------
     0 | D:1      | Kloppie the Hill Orc Fighter began the quest for the Orb.
     0 | D:1      | Reached XP level 1. HP: 19/19 MP: 1/1
   181 | D:1      | Reached XP level 2. HP: 23/27 MP: 2/2
   262 | D:1      | Reached XP level 3. HP: 16/33 MP: 3/3
  1195 | D:2      | Reached XP level 4. HP: 25/41 MP: 4/4
  1552 | D:2      | Reached skill level 5 in Fighting
  1641 | D:2      | Found a shadowy altar of Dithmenos.
  1938 | D:3      | Reached XP level 5. HP: 32/48 MP: 5/5
  2624 | D:4      | Reached skill level 5 in Maces & Flails
  2624 | D:4      | Reached XP level 6. HP: 51/57 MP: 6/6
  3432 | D:5      | Entered Level 5 of the Dungeon
  3659 | D:4      | Reached XP level 7. HP: 61/64 MP: 7/7
  4185 | D:5      | Found a sparkling altar of Nemelex Xobeh.
  4186 | D:5      | Found a glowing silver altar of Zin.
  4609 | D:6      | Reached XP level 8. HP: 74/74 MP: 8/8
  4678 | D:6      | Got an ichor-stained scale mail
  4733 | D:5      | Identified the +1 scale mail of Esanoam {-Cast +Inv rPois Dex+6} (You found it on level 6 of the Dungeon)
  4843 | D:6      | Noticed Sigmund
  4854 | D:6      | Killed Sigmund
  5265 | D:6      | Noticed Pikel
  5294 | D:6      | Killed Pikel
  5294 | D:6      | Reached skill level 5 in Armour
  5294 | D:6      | Reached XP level 9. HP: 60/83 MP: 9/9
  5566 | D:6      | Noticed Blork the orc
  5579 | D:6      | Killed Blork the orc
  5670 | D:6      | Noticed Prince Ribbit
  5683 | D:6      | Killed Prince Ribbit
  6182 | D:7      | Reached skill level 10 in Maces & Flails
  6354 | D:7      | Found a basalt altar of Yredelemnul.
  6377 | D:7      | Became a worshipper of Yredelemnul the Dark
  6652 | D:7      | Found a staircase to the Ecumenical Temple.
  6831 | D:8      | Noticed tesudzi's ghost (novice OpAs)
  6847 | D:8      | Killed tesudzi's ghost
  6847 | D:8      | Reached XP level 10. HP: 81/91 MP: 10/10
  6980 | D:8      | Noticed Psyche
  6996 | D:8      | Killed Psyche
  8432 | D:9      | Reached * piety under Yredelemnul
  8453 | D:9      | Found a shadowy altar of Dithmenos.
  8630 | D:9      | Reached skill level 5 in Shields
  8630 | D:9      | Reached XP level 11. HP: 49/97 MP: 11/11
  9133 | D:10     | Entered Level 10 of the Dungeon
  9472 | D:9      | Reached ** piety under Yredelemnul
 11296 | D:11     | HP: 4/97 [ogre/giant club (14)]
 12156 | D:8      | Got a bronze leather armour
 12168 | D:8      | Identified the cursed +1 leather armour of the Zebra {rN+ Int+3 Dex-5} (You found it on level 8 of the Dungeon)
 12430 | D:10     | Reached *** piety under Yredelemnul
 12710 | D:11     | Found a staircase to the Lair.
 12718 | D:11     | Noticed a cyclops
 12736 | D:11     | Killed a cyclops
 13605 | D:11     | Reached XP level 12. HP: 62/104 MP: 12/12
 14199 | D:11     | Reached skill level 10 in Fighting
 14316 | D:11     | Reached skill level 10 in Shields
 14396 | D:11     | Reached **** piety under Yredelemnul
 14483 | Lair:1   | Entered Level 1 of the Lair of Beasts
 14661 | Lair:1   | Received a gift from Yredelemnul
 15985 | Lair:2   | Received a gift from Yredelemnul
 16454 | Lair:3   | Noticed Urug
 16474 | Lair:3   | Killed Urug
 16670 | Lair:3   | Found a staircase to the Snake Pit.
 16737 | Lair:3   | Noticed a five-headed hydra
 16752 | Lair:3   | Killed a five-headed hydra
 17287 | Lair:3   | Noticed a four-headed hydra
 17304 | Lair:3   | Killed a four-headed hydra
 17538 | Lair:3   | Reached XP level 13. HP: 116/116 MP: 13/13
 18139 | Lair:4   | Received a gift from Yredelemnul
 19340 | Lair:4   | Received a gift from Yredelemnul
 19342 | Lair:4   | Found a staircase to the Swamp.
 19998 | Lair:5   | Gained mutation: You are partially covered in iridescent scales (AC +4). [potion of beneficial mutation]
 20016 | Lair:5   | Noticed Snorg
 20076 | Lair:4   | Slain by Snorg

Skill      XL: |  1  2  3  4  5  6  7  8  9 10 11 12 13 |
---------------+----------------------------------------+-----
Fighting       | 4 5 6 8 9 11 | 11.1
Maces & Flails | 3 4 5 7 9 11 12 14 | 14.2
Armour         | 5 8 9 |  9.8
Shields        | 5 9 12 14 | 14.4

Action                   |  1- 3 |  4- 6 |  7- 9 | 10-12 | 13-15 || total
-------------------------+-------+-------+-------+-------+-------++-------
Melee: Flail             |   128 |   253 |   414 |  1380 |   253 ||  2428
Invok: Animate Dead      |       |       |       |     1 |       ||     1
  Use: Scroll            |       |     9 |     4 |    13 |     4 ||    30
       Potion            |       |       |     3 |     5 |     3 ||    11
 Stab: Sleeping          |       |       |     1 |       |       ||     1
       Distracted        |       |       |       |     1 |     1 ||     2
  Eat: Chunk             |     1 |     8 |    11 |    21 |     3 ||    44
       Meat ration       |       |       |       |     3 |     1 ||     4
Armor: Scale mail        |    59 |       |   149 |   589 |   137 ||   934
       Chain mail        |    22 |   238 |   119 |       |       ||   379
       Skin              |       |       |       |    10 |       ||    10
Dodge: Dodged            |    58 |   131 |   164 |   457 |    67 ||   877
Block: Shield            |    27 |       |       |   440 |   197 ||   664
